 Dungeon Sprint DCSS version 0.21.1-1-g345015f (webtiles) character file.

1500000 doot the Hoplite (level 15, -2/151 HPs)
             Began as a Formicid Fighter on May 1, 2018.
             Was a Follower of Makhleb.
             Slain by a bag of meat
             ... wielding a +9 war axe
              (34 damage)
             ... in the Dungeon (Sprint VIII: "Arena of Blood").
             The game lasted 00:00:37 (15 turns).

doot the Hoplite (Formicid Fighter)                   Turns: 15, Time: 00:00:37

Health: -2/151     AC: 12    Str: 20    XL:     15   Next: 61%
Magic:  15/15      EV: 10    Int: 10    God:    Makhleb [*.....]
Gold:   0          SH:  0    Dex: 15    Spells: 14/14 levels left

rFire    . . .     SeeInvis +   k - +∞ Axe of Woe
rCold    . . .     Gourm    .   (no shield)
rNeg     . . .     Faith    .   a - +0 scale mail
rPois    .         Spirit   .   (helmet unavailable)
rElec    .         Reflect  .   (no cloak)
rCorr    .         Harm     .   (no gloves)
MR       +....                  (no boots)
Stlth    ..........             (no amulet)
HPRegen  0.35/turn              (no ring)
MPRegen  0.14/turn              (no ring)

@: no status effects
A: permanent stasis, dig shafts and tunnels, four strong arms, antennae 3
a: Dig, Renounce Religion


You were in the Dungeon.
You worshipped Makhleb.
Makhleb was aware of your devotion.
You were not hungry.

You visited 1 branch

Inventory:

Hand Weapons
 k - the +∞ Axe of Woe (weapon)
   (You found it in the Dungeon)
Armour
 a - a +0 scale mail (worn)
 b - a +0 shield
Scrolls
 j - a scroll of blinking
Potions
 c - a potion of might
 e - a potion of curing
 f - a potion of heal wounds
 g - a potion of haste
 h - 2 potions of magic
 i - a potion of berserk rage
Comestibles
 d - a ration


   Skills:
 + Level 23.8 Fighting
 + Level 9.1 Axes
 + Level 23.4 Armour
 + Level 24.4 Shields
 + Level 12.2 Unarmed Combat


You had 14 spell levels left.
You didn't know any spells.

Dungeon Overview and Level Annotations

Branches:
Dungeon (1/1)

Altars:
Makhleb


Innate Abilities, Weirdness & Mutations

You cannot be hasted, slowed, berserked, paralysed or teleported.
You can dig through walls and to a lower floor.
Your four strong arms can wield two-handed weapons with a shield.
You have a pair of large antennae on your head. (SInv)


Message History

Your Fighting skill increases to level 23!
Your Axes skill gained 2 levels and is now at level 9!
Your Armour skill increases to level 23!
Your Shields skill increases to level 24!
Your Unarmed Combat skill increases to level 12!
You hear a shout! x2
The meat berserker rages.
You hear a shout! x7
The bag of meat moves out of view.
You hear a shout! x3
The bag of meat appears out of thin air!
A bag of meat comes into view. It is wielding a +9 war axe.
You hear a shout! x4
The meat berserker rages.
The meat berserker hits you with a +9 battleaxe!!!
The bag of meat hits you with a +9 war axe!!
* * * LOW HITPOINT WARNING * * *
You hear a shout!
The bag of meat hits you with a +9 war axe!!
You die...

...... .o. . .....
...o...o. #...O..
#.......# ...#..o
#.o.....#
#.....o###.......###.
..........O.###......
..o.#.o.o...._......
.#...o@o.#.....#
.......)O.o_.<._#
..#......o#.....#
...O#........_......
.....oo.....###......
.......###.oo. ..###.
....... #.oooo..#
...... #.......#
.....o .......o.


You could see 4 meat berserkers and 20 bags of meat.

Vanquished Creatures
  An ogre (D)
  3 orcs (D)
4 creatures vanquished.

Notes
Turn   | Place    | Note
-------+----------+-------------------------------------------
     0 | D        | Found the +∞ Axe of Woe
     0 | D        | doot the Formicid Fighter began the quest for the Orb.
     0 | D        | Reached XP level 1. HP: 18/18 MP: 1/1
     3 | D        | Noticed a bag of meat
     4 | D        | Noticed a bag of meat
     5 | D        | Noticed a bag of meat
     6 | D        | Noticed a bag of meat
     6 | D        | Noticed a bag of meat
     6 | D        | Noticed a bag of meat
     9 | D        | Became a worshipper of Makhleb the Destroyer
    11 | D        | Noticed a meat berserker
    12 | D        | Noticed a meat berserker
    13 | D        | Noticed a bag of meat
    13 | D        | Noticed a bag of meat
    14 | D        | Noticed a bag of meat
    14 | D        | Noticed a bag of meat
    14 | D        | Noticed a bag of meat
    14 | D        | Killed a bag of meat
    14 | D        | Reached skill level 18 in Shields
    14 | D        | Reached XP level 2. HP: 47/47 MP: 2/2
    14 | D        | Reached XP level 3. HP: 53/53 MP: 3/3
    14 | D        | Reached XP level 4. HP: 60/60 MP: 4/4
    14 | D        | Reached XP level 5. HP: 67/67 MP: 5/5
    14 | D        | Reached XP level 6. HP: 74/74 MP: 6/6
    14 | D        | Reached XP level 7. HP: 80/80 MP: 7/7
    14 | D        | Reached XP level 8. HP: 87/87 MP: 8/8
    14 | D        | Reached XP level 9. HP: 94/94 MP: 9/9
    14 | D        | Reached XP level 10. HP: 101/101 MP: 10/10
    14 | D        | Reached XP level 11. HP: 107/107 MP: 11/11
    14 | D        | Reached XP level 12. HP: 114/114 MP: 12/12
    14 | D        | Noticed a bag of meat
    15 | D        | Noticed a bag of meat
    15 | D        | Noticed a bag of meat
    15 | D        | Noticed a meat berserker
    15 | D        | Noticed a bag of meat
    15 | D        | Noticed a bag of meat
    15 | D        | Noticed a bag of meat
    15 | D        | Noticed a bag of meat
    15 | D        | Noticed a meat berserker
    15 | D        | Killed a meat berserker
    15 | D        | Reached * piety under Makhleb
    15 | D        | Reached skill level 22 in Shields
    15 | D        | Reached XP level 13. HP: 91/130 MP: 13/13
    15 | D        | Reached XP level 14. HP: 97/138 MP: 14/14
    15 | D        | Killed a bag of meat
    15 | D        | Reached skill level 23 in Shields
    15 | D        | Reached XP level 15. HP: 104/148 MP: 15/15
    15 | D        | Reached skill level 24 in Shields
    15 | D        | Slain by a bag of meat

Skill      XL: |  1  2  3  4  5  6  7  8  9 10 11 12 13 14 15 |
---------------+----------------------------------------------+-----
Fighting       | 17 21 22 23 | 23.8
Axes           | 4 6 7 9 |  9.1
Armour         | 17 21 22 23 | 23.4
Shields        | 18 22 23 24 | 24.4
Unarmed Combat | 8 11 12 | 12.2

Action                   |  1- 3 |  4- 6 |  7- 9 | 10-12 | 13-15 || total
-------------------------+-------+-------+-------+-------+-------++-------
Melee: Executioner's axe |     1 |       |       |     1 |       ||     2
 Abil: Dig               |     1 |       |       |       |       ||     1
